Workbook

Sheet Transactions
A1: Date | B1: Amount ($) | C1: Transaction Details | D1: Category in my chart of accounts | F1: My Chart of Accounts
A2: 43374 | B2: 13 | C2: INTEREST FROM COMMONWEALTH BANK | D2: 1-1 Interest Income | F2: 1-Revenue
A3: 43376 | B3: -25 | C3: PREPAID SIM FOR OCT. | D3: 2-1 Telephone Expense (mobile) | F3: =D2 -> 1-1 Interest Income
A4: 43376 | B4: -150 | C4: PAYMENT TO COLES MASTERCARD | D4: 2-2 General Living Expenses (Food, transport) | F4: =D7 -> 1-2 Income - salary and wages
A5: 43376 | B5: -97.5 | C5: PAYMENT TO H&M | D5: 2-3 Expense - Clothes | F5: 2- Expense
A6: 43377 | B6: -20.7 | C6: PAYMENT TO COLES MASTERCARD | D6: 2-2 General Living Expenses (Food, transport) | F6: =D3 -> 2-1 Telephone Expense (mobile)
A7: 43383 | B7: 150.8 | C7: SALARY FROM TRANSLATION JOB | D7: 1-2 Income - salary and wages | F7: =D4 -> 2-2 General Living Expenses (Food, transport)
A8: 43384 | B8: 50.6 | C8: =C7 -> SALARY FROM TRANSLATION JOB | D8: =D7 -> 1-2 Income - salary and wages | F8: =D5 -> 2-3 Expense - Clothes
A9: 43384 | B9: -160 | C9: PAYMENT FOR RENT BY CREDIT CARD | D9: 2-4 Expense - Rent | F9: =D9 -> 2-4 Expense - Rent
A10: 43389 | B10: -10 | C10: CQU PRINT SYSTEM TOP UP | D10: 2-5 Expense - Print | F10: =D10 -> 2-5 Expense - Print
A11: 43389 | B11: -60.7 | C11: PAYMENT TO MIKI CARD | D11: 2-2 General Living Expenses (Food, transport, ect.) | F11: 3- Asset
A12: 43390 | B12: -12.1 | C12: PAYMENT TO COLES MASTERCARD | D12: 2-2 General Living Expenses (Food, transport, ect.) | F12: 3-1 Cash at bank
A13: 43391 | B13: 180 | C13: =C7 -> SALARY FROM TRANSLATION JOB | D13: =D7 -> 1-2 Income - salary and wages | F13: 4 - Liabilities
A14: 43391 | B14: -2.7 | C14: CQU PRINT SYSTEM TOP UP | D14: 2-4 Expense - Print | F14: 5 - Equity
A15: 43396 | B15: 50 | C15: =C8 -> SALARY FROM TRANSLATION JOB | D15: =D7 -> 1-2 Income - salary and wages
A16: 2018/10/210 | B16: 169.8 | C16: =C15 -> SALARY FROM TRANSLATION JOB | D16: =D7 -> 1-2 Income - salary and wages
A17: 43400 | B17: -15.7 | C17: PAYMENT TO COLES MASTERCARD | D17: 2-2 General Living Expenses (Food, transport, ect.)
A18: 43400 | B18: -160 | C18: PAYMENT FOR RENT BY CREDIT CARD | D18: 2-5 Expense - Rent

Sheet PL
A1: Mingxin Guo
A2: Income Statement
A3: For the month ended 31 Octobor 2018
A5: INCOME | B5: $
A6: =Transactions!D2 -> 1-1 Interest Income | B6: =Transactions!B2 -> 13 | C6: =B6/$B$8 -> 0.021165744
A7: =Transactions!D7 -> 1-2 Income - salary and wages | B7: =Transactions!B7+Transactions!B8+Transactions!B13+Transactions!B15+Transactions!B16 -> 601.2 | C7: =B7/$B$8 -> 0.97883426
A8: TOTAL INCOME | B8: =B6+B7 -> 614.2 | C8: =B8/$B$8 -> 1
A10: EXPENSE
A11: =Transactions!D3 -> 2-1 Telephone Expense (mobile) | B11: =Transactions!B3 -> -25 | C11: =-B11/$B$8 -> 0.040703354
A12: =Transactions!D4 -> 2-2 General Living Expenses (Food, transport) | B12: =Transactions!B4+Transactions!B6+Transactions!B11+Transactions!B12+Transactions!B17 -> -259.2 | C12: =-B12/$B$8 -> 0.42201237
A13: =Transactions!D5 -> 2-3 Expense - Clothes | B13: =Transactions!B5 -> -97.5 | C13: =-B13/$B$8 -> 0.15874308
A14: =Transactions!D9 -> 2-4 Expense - Rent | B14: =Transactions!B9+Transactions!B18 -> -320 | C14: =-B14/$B$8 -> 0.52100293
A15: =Transactions!D10 -> 2-5 Expense - Print | B15: =Transactions!B10+Transactions!B14 -> -12.7 | C15: =-B15/$B$8 -> 0.020677304
A16: TOTAL EXPENSE | B16: =SUM(B11:B15) -> -714.4 | C16: =-B16/$B$8 -> 1.163139
A18: Profit / (Loss) for the period | B18: =B8+B16 -> -100.2 | C18: =C8-C16 -> -0.16313904 | D18: =B18/B8 -> -0.16313904
